 Dungeon Crawl Stone Soup version 0.25-a0-399-gcf1075a (webtiles) character file.

Game seed: 9304960644865764199, levelgen mode: deterministic

5562 Auros the Thrower (level 10, 0/85 HPs)
             Began as a Troll Hunter on Jan 7, 2020.
             Was an Elder of Hepliaklqana.
             Killed from afar by a centaur warrior (23 damage)
             ... with an exploding inner flame
             ... hexed by the player character
             ... on level 10 of the Dungeon on Jan 8, 2020.
             The game lasted 00:58:25 (8730 turns).

Auros the Thrower (Troll Hunter)                    Turns: 8730, Time: 00:58:33

Health: 0/85       AC:  6    Str: 27    XL:     10   Next: 44%
Magic:  0/12       EV: 15    Int:  7    God:    Hepliaklqana [****..]
Gold:   453        SH:  0    Dex:  8    Spells: 9/9 levels left

rFire    . . .     SeeInvis .     - Unarmed
rCold    . . .     Gourm    +   (no shield)
rNeg     . . .     Faith    .   b - +0 robe
rPois    +         Spirit   +   (helmet restricted)
rElec    .         Reflect  .   C - scarf {repulsion}
rCorr    .         Harm     .   (gloves unavailable)
MR       .....                  (boots unavailable)
Stlth    +.........             D - amulet of guardian spirit
HPRegen  0.64/turn              I - +2 ring of strength
MPRegen  0.13/turn              O - +3 ring of evasion

@: very slightly contaminated, repel missiles
A: large, unfitting armour, reduced essence, claws 3, clumsy 1, fast metabolism
3, gourmand, poison resistance, regeneration 1, robust 1, shaggy fur 1, tough
skin 3
a: Recall Ancestor, Ancestor Identity, Transference, Idealise, Renounce Religion


You were on level 10 of the Dungeon.
You worshipped Hepliaklqana.
Hepliaklqana was greatly pleased with you.
You were completely stuffed.

You visited 1 branch of the dungeon, and saw 10 of its levels.

You collected 453 gold pieces.

Inventory:

Hand Weapons
 a - a +0 short sword
 o - a +0 hunting sling
Missiles
 d - 3 throwing nets
 e - 129 arrows
 m - 60 bolts
 r - 111 sling bullets
 t - 11 boomerangs
 y - 35 poisoned darts
 H - a javelin (quivered)
 N - 3 silver boomerangs
 T - 5 curare-tipped darts
 Z - 264 stones
Armour
 b - a +0 robe (worn)
 C - a scarf of repulsion (worn)
Jewellery
 D - an amulet of guardian spirit (around neck)
 G - an uncursed ring of wizardry
 I - a +2 ring of strength (left claw)
 K - an uncursed amulet of magic regeneration
 M - an uncursed ring of ice
 O - a +3 ring of evasion (right claw)
 U - an uncursed amulet of faith {unknown}
Wands
 p - a wand of digging (6)
 v - a wand of paralysis (4)
 S - a wand of polymorph (18)
Scrolls
 c - 9 scrolls of remove curse
 i - 14 scrolls of identify
 k - a scroll of blinking
 l - 3 scrolls of noise
 q - 7 scrolls of fear
 w - 2 scrolls of enchant weapon {unknown}
 A - 2 scrolls of amnesia
 B - a scroll of random uselessness {unknown}
 P - a scroll of brand weapon {unknown}
 R - a scroll of immolation
Potions
 f - 3 potions of heal wounds {unknown}
 g - a potion of mutation
 h - a potion of might {unknown}
 j - 2 potions of magic {unknown}
 s - 5 potions of curing
 u - 4 potions of haste {unknown}
 x - a potion of lignification
 E - 2 potions of flight {unknown}
 F - 2 potions of berserk rage {unknown}
 J - a potion of degeneration {unknown}
 L - 3 potions of brilliance {unknown}
 Q - a potion of agility {unknown}
 V - a potion of invisibility {unknown}
Comestibles
 z - 19 rations
 W - 3 chunks of flesh


   Skills:
 - Level 1.5 Fighting
 + Level 8.6 Throwing
 + Level 7.2 Dodging
 - Level 0.3 Stealth
 + Level 8.3 Unarmed Combat
 + Level 5.1 Invocations


You had 9 spell levels left.
You didn't know any spells.
Your spell library was empty.

Dungeon Overview and Level Annotations

Branches:
Dungeon (10/15)            Temple (0/1) D:7            Lair (0/6) D:10
    Orc: D:9-12

Altars:
Ashenzari
Cheibriados
Dithmenos
Elyvilon
Fedhas
Gozag
Hepliaklqana
Kikubaaqudgha
Makhleb
Nemelex Xobeh
Sif Muna
Trog
Vehumet
Wu Jian
Xom
Yredelemnul

Shops:
D:4 :   D:6 }   D:10 [

Annotations:
D:9 2 transporters, RedSky's ghost, journeyman OgTm
D:10 3 runed translucent doors


Innate Abilities, Weirdness & Mutations

You are too large for most types of armour.
You have claws for hands.
Your metabolism is lightning-fast.
You like to eat raw meat.
Your natural rate of healing is unusually fast.
You are covered in fur. (AC +1)
You have extremely tough skin. (AC +3)
Your life essence is reduced to manifest your ancestor. (-10% HP)
You are clumsy. (Dex -2)
Your system is resistant to poisons. (rPois)
You are robust. (+10% HP)


Message History

Aim: a centaur warrior, quivering 9 arrows (severely wounded)
You throw a javelin.
The javelin barely misses the centaur warrior.
The javelin closely misses the wight.
The centaur warrior hits you!
* * * LOW HITPOINT WARNING * * *
The centaur warrior barely misses you.
As you read the scroll labeled TOBA COOJOSAPI, it crumbles to dust.
The creatures around you are filled with an inner flame!
It was a scroll of immolation.
The centaur warrior barely misses you.
Throwing (i - inventory. (/) - cycle)
H - a javelin (quivered)
Press: ? - help, Shift-Dir - straight line, f/p - centaur warrior
Aim: a centaur warrior, quivering 9 arrows (severely wounded, inner flame)
You throw a javelin.
The javelin barely misses the centaur warrior.
The javelin pierces through the wight!!
The wight explodes!
The fiery explosion engulfs the centaur warrior!!
The centaur warrior explodes!
The fiery explosion engulfs you!!
You die...

#.### ... ###.##
#..##.#..# ..# .#+#. #..#
######..##....# .##
###.###
##÷###........###.## .#
.$. #. #..##.............#
##
.(..##.##.##........######
+ $..+..+.##........#
..##.##.##........# #.
#§§#§........# #
#§§§@....#.#########
#.§§#§.<..#.###.....#
#.###.....#.#.....#.# ...
#.....(....##.#.# ...##
#....∩..........# ..#
#..........##.### #.
#########.....# ##.####
#.#


There were no monsters in sight!

Vanquished Creatures
  A two-headed ogre (D:8)
  Pikel (D:7)
  A komodo dragon (D:10)
  A troll (D:10)
  Sigmund (D:2)
  A wyvern (D:10)
  2 orc warriors
  A phantom (D:6)
  2 ice beasts
  A swamp drake (D:10)
  3 centaurs
  2 ogres
  A crocodile (D:10)
  2 bullfrogs (D:6)
  A wyvern zombie (D:10)
  2 scorpions
  2 killer bees (D:9)
  An electric eel (D:6)
  3 crimson imps
  A bullfrog zombie (D:5)
  A gnoll shaman (D:5)
  A centaur zombie (D:9)
  3 orc priests
  5 hounds
  An iron imp (D:7)
  3 bullfrog skeletons
  3 jellies (D:6)
  6 orc wizards
  Jessica (D:8)
  4 iguanas
  4 worker ants
  A hound zombie (D:7)
  A hound skeleton (D:10)
  A worker ant zombie (D:7)
  6 gnolls
  A howler monkey skeleton (D:5)
  8 adders
  A shadow imp (D:9)
  An ooze (D:6)
  3 worms (D:3)
  2 dart slugs (D:2)
  5 leopard geckos
  27 orcs
  7 bats
  2 giant cockroaches
  9 goblins
  10 hobgoblins
  10 jackals
  3 quokkas
  6 frilled lizards
  A jackal skeleton (D:6)
  7 kobolds
  2 leopard gecko skeletons (D:6)
  A quokka zombie (D:3)
  8 rats
185 creatures vanquished.

Vanquished Creatures (collateral kills)
  A hippogriff (D:10)
  A hungry ghost (D:9)
  An orc warrior (D:6)
  A crocodile (D:10)
  2 crimson imps (D:4)
  An iguana (D:10)
  4 orc wizards
  4 worker ants
  A hound zombie (D:5)
  A howler monkey zombie (D:6)
  2 gnolls (D:5)
  An adder (D:6)
  6 orcs
  A giant cockroach (D:6)
  A hobgoblin (D:3)
  2 jackals (D:3)
  A bat (D:3)
  A frilled lizard (D:4)
32 creatures vanquished.

Vanquished Creatures (others)
  4 hexers
  An ancestor (D:3)
  A leopard gecko (D:7)
6 creatures vanquished.

Grand Total: 223 creatures vanquished

Notes
Turn   | Place    | Note
-------+----------+-------------------------------------------
     0 | D:1      | Auros the Troll Hunter began the quest for the Orb.
     0 | D:1      | Reached XP level 1. HP: 19/19 MP: 0/0
   184 | D:1      | Reached XP level 2. HP: 27/27 MP: 1/1
   250 | D:1      | Reached skill level 1 in Unarmed Combat
   853 | D:1      | Reached XP level 3. HP: 33/33 MP: 2/2
  1038 | D:2      | Noticed Sigmund
  1040 | D:2      | Killed Sigmund
  1040 | D:2      | Reached XP level 4. HP: 36/41 MP: 3/3
  1040 | D:2      | Reached XP level 5. HP: 42/48 MP: 4/4
  1059 | D:2      | Upgraded the game from 0.25-a0-379-gfd4a3ae to
                  | 0.25-a0-381-g9ac4296
  1341 | D:2      | Found a hazy altar of Hepliaklqana.
  1362 | D:2      | Became a worshipper of Hepliaklqana the Forgotten
  1646 | D:3      | Gained mutation: You are clumsy. (Dex -2) [potion of
                  | mutation]
  1646 | D:3      | Gained mutation: You are robust. (+10% HP) [potion of
                  | mutation]
  1646 | D:3      | Gained mutation: Your system is resistant to poisons.
                  | (rPois) [potion of mutation]
  1691 | D:3      | Reached XP level 6. HP: 39/55 MP: 5/5
  1848 | D:3      | Upgraded the game from 0.25-a0-381-g9ac4296 to
                  | 0.25-a0-388-g41a7e55
  2453 | D:4      | Reached * piety under Hepliaklqana
  2479 | D:4      | Reached skill level 5 in Throwing
  2777 | D:4      | Found an opulent altar of Gozag.
  2778 | D:4      | Found a basalt altar of Yredelemnul.
  2896 | D:4      | Found a shimmering altar of Xom.
  2902 | D:4      | Reached XP level 7. HP: 62/62 MP: 6/6
  3020 | D:4      | Found Dedearu's Book Shop.
  3282 | D:4      | Reached ** piety under Hepliaklqana
  3283 | D:4      | Remembered your ancestor Archibald as a hexer
  3551 | D:5      | Entered Level 5 of the Dungeon
  3702 | D:5      | Reached skill level 5 in Unarmed Combat
  3704 | D:5      | Reached XP level 8. HP: 32/70 MP: 2/7
  3831 | D:5      | Found an ornate altar of the Wu Jian Council.
  4162 | D:5      | Reached skill level 5 in Dodging
  4167 | D:5      | Upgraded the game from 0.25-a0-388-g41a7e55 to
                  | 0.25-a0-399-gcf1075a
  4504 | D:5      | Found a white marble altar of Elyvilon.
  4507 | D:5      | Found a blossoming altar of Fedhas.
  4882 | D:6      | Found a burning altar of Makhleb.
  5015 | D:6      | Reached *** piety under Hepliaklqana
  5201 | D:6      | Reached skill level 1 in Invocations
  5343 | D:6      | Reached XP level 9. HP: 57/76 MP: 6/9
  5671 | D:6      | Found Miji's Gadget Emporium.
  6186 | D:7      | Noticed Pikel
  6199 | D:7      | Killed Pikel
  6294 | D:7      | Found a staircase to the Ecumenical Temple.
  6428 | D:7      | Found a snail-covered altar of Cheibriados.
  6912 | D:8      | Noticed a two-headed ogre
  6927 | D:8      | Killed a two-headed ogre
  6979 | D:8      | Noticed Jessica
  6984 | D:8      | Killed Jessica
  6990 | D:8      | Found a shimmering blue altar of Sif Muna.
  7068 | D:9      | Reached **** piety under Hepliaklqana
  7231 | D:9      | Noticed a queen bee
  7260 | D:9      | Noticed RedSky's ghost (journeyman OgTm)
  7261 | D:9      | Found a transporter.
  7264 | D:9      | Found a transporter.
  7514 | D:9      | Reached XP level 10. HP: 66/85 MP: 8/12
  7581 | D:9      | Found a radiant altar of Vehumet.
  7582 | D:9      | Found a bloodstained altar of Trog.
  7582 | D:9      | Found an ancient bone altar of Kikubaaqudgha.
  7583 | D:9      | Found a shadowy altar of Dithmenos.
  7640 | D:9      | Found a shattered altar of Ashenzari.
  7920 | D:9      | Found a sparkling altar of Nemelex Xobeh.
  8017 | D:10     | Entered Level 10 of the Dungeon
  8169 | D:10     | Found Keuf Jua's Armour Boutique.
  8496 | D:10     | Found a staircase to the Lair.
  8586 | D:10     | Found a runed translucent door.
  8615 | D:10     | Reached skill level 5 in Invocations
  8661 | D:10     | Found a runed translucent door.
  8672 | D:10     | Found a runed translucent door.
  8686 | D:10     | Noticed a centaur warrior
  8730 | D:10     | Killed a centaur warrior
  8730 | D:10     | Killed from afar by a centaur warrior

Levels and vault maps discovered:
D:1:      dpeg_arrival_connections, layout_basic
D:2:      layout_rooms, lemuel_round_altar, uniq_sigmund
D:3:      layout_basic, first_ration, minmay_fractal_squares_gapless_5
D:4:      layout_gridville, gammafunk_temple_overflow_pools, serial_shops, shop,
          hangedman_decor_peaks_small, led_xom_imps
D:5:      layout_layer_cave, kennysheep_mini_moat, minitemple
D:6:      layout_basic, bloody_makhleb, serial_shops, shop, serial_bayou_ford_a
D:7:      layout_basic, slow_altar_1, minmay_temple_entry_ruins, uniq_pikel
D:8:      layout_rooms, the_bakery, tgw_sif, uniq_psyche, uniq_maurice,
          uniq_maggie
D:9:      layout_roguey, lemuel_round_altar, lemuel_coloured_pillars_altar,
          chequers_temple_overflow_statue_of_worship, gammafunk_ghost_hive,
          bloody_trog
D:10:     layout_basic, erik_lair_dragon, serial_shops, shop,
          minmay_statue_crystal_thing

Skill      XL: |  1  2  3  4  5  6  7  8  9 10 |
---------------+-------------------------------+-----
Unarmed Combat | 1 2 3 5 6 7 8 |  8.3
Dodging        | 2 3 4 5 6 7 |  7.2
Throwing       | 4 5 6 7 8 |  8.6
Invocations    | 2 4 5 |  5.1
Fighting       | |  1.5
Stealth        | |  0.3

Action                   |  1- 3 |  4- 6 |  7- 9 | 10-12 || total
-------------------------+-------+-------+-------+-------++-------
Melee: Unarmed           |   120 |   168 |   240 |    92 ||   620
       Staff             |       |    16 |       |       ||    16
       Punch             |       |     2 |     5 |     7 ||    14
Throw: Large rock        |     8 |     4 |    17 |    11 ||    40
       Boomerang         |       |       |     6 |     5 ||    11
       Throwing net      |       |       |     2 |     1 ||     3
       Javelin           |       |       |     5 |     8 ||    13
       Stone             |       |       |     3 |     1 ||     4
Invok: Ancestor Identity |       |       |     2 |       ||     2
       Ancestor Life: He |       |       |     1 |       ||     1
       Transference      |       |       |     2 |       ||     2
       Recall Ancestor   |       |       |     1 |       ||     1
Evoke: Wand              |       |       |     2 |       ||     2
  Use: Scroll            |       |     4 |     2 |     2 ||     8
       Potion            |       |     2 |       |       ||     2
 Stab: Sleeping          |     1 |       |       |       ||     1
       Held in net/web   |       |       |     1 |       ||     1
       Distracted        |       |       |     1 |       ||     1
  Eat: Chunk             |    15 |    17 |    42 |    12 ||    86
Armor: Robe              |    56 |    92 |    48 |    15 ||   211
Dodge: Dodged            |    76 |   118 |   126 |    64 ||   384
       Deflected         |       |       |     2 |     8 ||    10

Table legend:
 A = Non-vault XP
 B = Vault XP
 C = Vault XP percentage of total XP
 D = Non-vault monster count
 E = Vault monster count
 F = Vault count percentage of total count
                 A         B        C        D         E       F
            +---------+---------+-------+---------+---------+-------
      Total |    5831 |    2115 |  26.6 |     199 |      18 |   8.3
            +---------+---------+-------+---------+---------+-------
        D:1 |      44 |       0 |   0.0 |      25 |       0 |   0.0
        D:2 |      49 |     227 |  82.2 |      22 |       1 |   4.3
        D:3 |     110 |      11 |   9.1 |      28 |       5 |  15.2
        D:4 |     487 |     200 |  29.1 |      23 |       4 |  14.8
        D:5 |     701 |       0 |   0.0 |      21 |       0 |   0.0
        D:6 |    1022 |       0 |   0.0 |      31 |       0 |   0.0
        D:7 |     367 |     706 |  65.8 |      15 |       2 |  11.8
        D:8 |    1079 |      37 |   3.3 |       4 |       1 |  20.0
        D:9 |     893 |       0 |   0.0 |      19 |       0 |   0.0
       D:10 |    1079 |     934 |  46.4 |      11 |       5 |  31.2
            +---------+---------+-------+---------+---------+-------
